MLB
BALTIMORE ORIOLES @ BOSTON RED SOX
09/22/2048
 
TOP OF THE 1ST
Baltimore Orioles batting - Pitching for Boston Red Sox : RHP J.J. Dean
Pitching: RHP J.J. Dean
Batting: RHB Saimei Kudo 0-0: Swinging Strike
0-1: Ball
1-1: Called Strike
1-2: Fly out, F7 (Flyball, 78M, EV 91.2 MPH)
Batting: RHB Tenshou Takita 0-0: Ball
1-0: Foul Ball, location: 2F
1-1: Ball
2-1: Foul Ball, location: 2F
2-2: Foul Ball, location: 2F
2-2: Strikes out swinging
Batting: RHB Rudo Garciaparra 0-0: Ball
1-0: Called Strike
1-1: Foul Ball, location: 2F
1-2: Foul Ball, location: 2F
1-2: Ball
2-2: Strikes out looking
Top of the 1st over - 0 runs, 0 hits, 0 errors, 0 left on base; Baltimore 0 - Boston 0
BOTTOM OF THE 1ST
Boston Red Sox batting - Pitching for Baltimore Orioles : LHP Silas Chinn
Pitching: LHP Silas Chinn
Batting: RHB Josh Froyd 0-0: Ball
1-0: Ball
2-0: Called Strike
2-1: Called Strike
2-2: SOLO HOME RUN (Flyball, 89XD, EV 110.0 MPH), Distance : 443 ft
Batting: RHB Cesar Breceda 0-0: Bunt for hit to 15S - play at first, batter OUT! 1-3
Batting: RHB David Price Jr. 0-0: Ground out 5-3 (Groundball, 5, EV 101.2 MPH)
Batting: SHB Marvin Lawrence 0-0: Called Strike
0-1: Ball
1-1: Swinging Strike
1-2: Ball
2-2: Strikes out swinging
Bottom of the 1st over - 1 run, 1 hit, 0 errors, 0 left on base; Baltimore 0 - Boston 1
TOP OF THE 2ND
Baltimore Orioles batting - Pitching for Boston Red Sox : RHP J.J. Dean
Batting: SHB Jason Hayes 0-0: Ground out 1-3 (Groundball, 13S, EV 70.6 MPH)
Batting: RHB Vince Jackson 0-0: Called Strike
0-1: Ball
1-1: Foul Ball, location: 2F
1-2: Strikes out swinging
Batting: SHB Robert Handy 0-0: Ball
1-0: Ball
2-0: Foul Ball, location: 2F
2-1: Foul Ball, location: 2F
2-2: Foul Ball, location: 2F
2-2: Foul Ball, location: 2F
2-2: Foul Ball, location: 2F
2-2: Strikes out swinging
Top of the 2nd over - 0 runs, 0 hits, 0 errors, 0 left on base; Baltimore 0 - Boston 1
BOTTOM OF THE 2ND
Boston Red Sox batting - Pitching for Baltimore Orioles : LHP Silas Chinn
Batting: LHB Kevin McCormic Jr. 0-0: Fly out, F7 (Flyball, 7, EV 92.5 MPH)
Batting: RHB Nick Esteves 0-0: Ball
1-0: Foul Ball, location: 2F
1-1: DOUBLE (Line Drive, 7LM, EV 104.4 MPH)
Batting: RHB Alois Wollf 0-0: Ball
1-0: Fly out, F8 (Flyball, 8LD, EV 85.6 MPH)
Batting: RHB Jose Diaz 0-0: Foul Ball, location: 2F
0-1: Ball
1-1: Ball
2-1: Foul Ball, location: 2F
2-2: Foul Ball, location: 2F
2-2: Ball
3-2: Strikes out swinging
Bottom of the 2nd over - 0 runs, 1 hit, 0 errors, 1 left on base; Baltimore 0 - Boston 1
TOP OF THE 3RD
Baltimore Orioles batting - Pitching for Boston Red Sox : RHP J.J. Dean
Batting: LHB Brian Feher 0-0: Called Strike
0-1: Ground out 6-3 (Groundball, 6, EV 85.6 MPH)
Batting: SHB Bran Stark 0-0: Ball
1-0: Ball
2-0: Ball
3-0: Called Strike
3-1: Called Strike
3-2: Foul Ball, location: 2F
3-2: Foul Ball, location: 2F
3-2: Foul Ball, location: 2F
3-2: Foul Ball, location: 2F
3-2: Base on Balls
Batting: RHB Ernie Weathersbee 0-0: Ball
1-0: Foul Ball, location: 2F
1-1: Grounds into double play, 6-4-3 (Groundball, 6, EV 81.9 MPH)
Top of the 3rd over - 0 runs, 0 hits, 0 errors, 0 left on base; Baltimore 0 - Boston 1
BOTTOM OF THE 3RD
Boston Red Sox batting - Pitching for Baltimore Orioles : LHP Silas Chinn
Batting: RHB John Chiesa 0-0: Swinging Strike
0-1: Ball
1-1: Ball
2-1: Foul Ball, location: 2F
2-2: Ball
3-2: Fly out, F6 (Flyball, 6MD, EV 86.9 MPH)
Batting: RHB Josh Froyd 0-0: Ball
1-0: Ground out 4-3 (Groundball, 4, EV 76.9 MPH)
Batting: RHB Cesar Breceda 0-0: Ground out 5-3 (Groundball, 5, EV 89.4 MPH)
Bottom of the 3rd over - 0 runs, 0 hits, 0 errors, 0 left on base; Baltimore 0 - Boston 1
TOP OF THE 4TH
Baltimore Orioles batting - Pitching for Boston Red Sox : RHP J.J. Dean
Batting: RHB Saimei Kudo 0-0: Called Strike
0-1: Swinging Strike
0-2: Ball
1-2: Foul Ball, location: 2F
1-2: Foul Ball, location: 2F
1-2: Ball
2-2: Strikes out swinging
Batting: RHB Tenshou Takita 0-0: Foul Ball, location: 2F
0-1: Foul Ball, location: 2F
0-2: Ball
1-2: Foul Ball, location: 2F
1-2: Foul Ball, location: 2F
1-2: Strikes out swinging
Batting: RHB Rudo Garciaparra 0-0: Ball
1-0: Fly out, F9 (Line Drive, 9, EV 97.5 MPH)
Top of the 4th over - 0 runs, 0 hits, 0 errors, 0 left on base; Baltimore 0 - Boston 1
BOTTOM OF THE 4TH
Boston Red Sox batting - Pitching for Baltimore Orioles : LHP Silas Chinn
Batting: RHB David Price Jr. 0-0: Called Strike
0-1: Hit by Pitch
Batting: SHB Marvin Lawrence 0-0: Foul Ball, location: 2F
0-1: Ball
1-1: Ball
2-1: Fly out, F7 (Line Drive, 7, EV 93.1 MPH)
Batting: LHB Kevin McCormic Jr. 0-0: Ball
Pickoff Throw to First - Out! 1-3 CS
1-0: Ball
2-0: Called Strike
2-1: Foul Ball, location: 2F
2-2: Foul Ball, location: 2F
2-2: Ball
3-2: Foul Ball, location: 2F
3-2: Foul Ball, location: 2F
3-2: Fly out, F8 (Line Drive, 8RM, EV 90.6 MPH)
Bottom of the 4th over - 0 runs, 0 hits, 0 errors, 0 left on base; Baltimore 0 - Boston 1
TOP OF THE 5TH
Baltimore Orioles batting - Pitching for Boston Red Sox : RHP J.J. Dean
Batting: SHB Jason Hayes 0-0: Foul Ball, location: 2F
0-1: Swinging Strike
0-2: Ball
1-2: Ball
2-2: Strikes out swinging
Batting: RHB Vince Jackson 0-0: Called Strike
0-1: Foul Ball, location: 2F
0-2: Ground out 5-3 (Groundball, 56S, EV 90.0 MPH)
Batting: SHB Robert Handy 0-0: Ball
1-0: Swinging Strike
1-1: Foul Ball, location: 2F
1-2: Ground out 4-3 (Groundball, 4, EV 80.0 MPH)
Top of the 5th over - 0 runs, 0 hits, 0 errors, 0 left on base; Baltimore 0 - Boston 1
BOTTOM OF THE 5TH
Boston Red Sox batting - Pitching for Baltimore Orioles : LHP Silas Chinn
Batting: RHB Nick Esteves 0-0: Called Strike
0-1: Ball
1-1: Fly out, F8 (Line Drive, 8LM, EV 89.4 MPH)
Batting: RHB Alois Wollf 0-0: SINGLE (Flyball, 7LS, EV 97.5 MPH)
Batting: RHB Jose Diaz 0-0: Called Strike
0-1: Ball
1-1: Ball
2-1: Ball
3-1: SINGLE (Groundball, 56, EV 95.6 MPH)
Alois Wollf to second
Batting: RHB John Chiesa 0-0: Ball
1-0: Swinging Strike
1-1: Fly out, F9 (Flyball, 9D, EV 89.4 MPH)
Runner from 2nd tags up, SAFE at 3rd, no throw by RF
Batting: RHB Josh Froyd 0-0: Ball
1-0: Ball
2-0: Ball
3-0: Base on Balls
Jose Diaz to second
Batting: RHB Cesar Breceda 0-0: Ball
Wild Pitch!
Alois Wollf scores
Jose Diaz to third
Josh Froyd to second
1-0: Swinging Strike
1-1: Foul Ball, location: 2F
1-2: Ball
2-2: SINGLE (Line Drive, 9LS, EV 98.1 MPH)
Jose Diaz scores
Josh Froyd to third
Runner from 3rd tries for Home, SAFE, throw by RF to home
Cesar Breceda to second
Batting: RHB David Price Jr. 0-0: Swinging Strike
0-1: Ball
1-1: Fly out, F9 (Flyball, 9, EV 91.2 MPH)
Bottom of the 5th over - 3 runs, 3 hits, 0 errors, 1 left on base; Baltimore 0 - Boston 4
TOP OF THE 6TH
Baltimore Orioles batting - Pitching for Boston Red Sox : RHP J.J. Dean
Batting: LHB Brian Feher 0-0: Called Strike
0-1: Foul Ball, location: 2F
0-2: Ball
1-2: Strikes out swinging
Batting: SHB Bran Stark 0-0: Ball
1-0: Ground out 5-3 (Groundball, 6S, EV 60.6 MPH)
Batting: RHB Ernie Weathersbee 0-0: Ball
1-0: Ground out 4-3 (Groundball, 34, EV 77.5 MPH)
Top of the 6th over - 0 runs, 0 hits, 0 errors, 0 left on base; Baltimore 0 - Boston 4
BOTTOM OF THE 6TH
Boston Red Sox batting - Pitching for Baltimore Orioles : LHP Silas Chinn
Batting: SHB Marvin Lawrence 0-0: Called Strike
0-1: Fly out, F8 (Flyball, 8LD, EV 91.2 MPH)
Batting: LHB Kevin McCormic Jr. 0-0: Ground out 1-3 (Groundball, P, EV 69.4 MPH)
Batting: RHB Nick Esteves 0-0: Swinging Strike
0-1: Fly out, F4 (Popup, 23, EV 87.5 MPH)
Bottom of the 6th over - 0 runs, 0 hits, 0 errors, 0 left on base; Baltimore 0 - Boston 4
TOP OF THE 7TH
Baltimore Orioles batting - Pitching for Boston Red Sox : RHP J.J. Dean
Batting: RHB Saimei Kudo 0-0: Called Strike
0-1: SOLO HOME RUN (Flyball, 7D, EV 102.5 MPH), Distance : 408 ft
Batting: RHB Tenshou Takita 0-0: Called Strike
0-1: Ball
1-1: Foul Ball, location: 2F
1-2: TRIPLE (Groundball, 3L, EV 103.1 MPH)
Batting: RHB Rudo Garciaparra 0-0: Foul Ball, location: 2F
0-1: Ball
1-1: Foul Ball, location: 2F
1-2: Strikes out looking
Batting: SHB Jason Hayes 0-0: Called Strike
0-1: Ball
1-1: Called Strike
1-2: Strikes out swinging
Batting: RHB Vince Jackson 0-0: Foul Ball, location: 2F
0-1: Swinging Strike
0-2: Foul Ball, location: 2F
0-2: Ball
1-2: Ball
2-2: SINGLE (Flyball, 89S, EV 95.6 MPH)
Tenshou Takita scores
Pitching: RHP Billy Fitzgerald
Batting: SHB Robert Handy 0-0: Called Strike
0-1: Foul Ball, location: 2F
0-2: Ball
1-2: Strikes out swinging
Top of the 7th over - 2 runs, 3 hits, 0 errors, 1 left on base; Baltimore 2 - Boston 4
BOTTOM OF THE 7TH
Boston Red Sox batting - Pitching for Baltimore Orioles : LHP Silas Chinn
Batting: RHB Alois Wollf 0-0: Swinging Strike
0-1: Ball
1-1: SINGLE (Line Drive, 89S, EV 110.0 MPH)
Batting: RHB Jose Diaz 0-0: Ball
1-0: Fly out, F9 (Flyball, 9D, EV 101.9 MPH)
Batting: RHB John Chiesa 0-0: Ball
1-0: Ball
2-0: Ball
3-0: Fielders Choice at 2nd, 5-4 (Groundball, 56, EV 101.9 MPH)
Batting: RHB Josh Froyd 0-0: Foul Ball, location: 2F
0-1: TRIPLE (Line Drive, 89XD, EV 101.9 MPH)
John Chiesa scores
Pitching: RHP Josh Wollaston
Batting: RHB Cesar Breceda 0-0: Ball
Wild Pitch!
Josh Froyd scores
1-0: Ball
2-0: DOUBLE (Groundball, 3L, EV 108.1 MPH)
Batting: RHB David Price Jr. 0-0: Foul Ball, location: 2F
0-1: Fly out, F4 (Line Drive, 4, EV 67.5 MPH)
Bottom of the 7th over - 2 runs, 3 hits, 0 errors, 1 left on base; Baltimore 2 - Boston 6
TOP OF THE 8TH
Baltimore Orioles batting - Pitching for Boston Red Sox : RHP Billy Fitzgerald
Now in LF: John Chiesa
Now in RF: Shoichi Aso
Batting: LHB Brian Feher 0-0: Ball
1-0: Ball
2-0: Ground out U3 (Groundball, 3, EV 110.0 MPH)
Batting: SHB Bran Stark 0-0: Called Strike
0-1: Swinging Strike
0-2: Ball
1-2: Strikes out swinging
Batting: RHB Ernie Weathersbee 0-0: Called Strike
0-1: Ball
1-1: Foul Ball, location: 2F
1-2: Ball
2-2: Foul Ball, location: 2F
2-2: Foul Ball, location: 2F
2-2: Foul Ball, location: 2F
2-2: Ball
3-2: Strikes out swinging
Top of the 8th over - 0 runs, 0 hits, 0 errors, 0 left on base; Baltimore 2 - Boston 6
BOTTOM OF THE 8TH
Boston Red Sox batting - Pitching for Baltimore Orioles : RHP Josh Wollaston
Pitching: RHP Antonio Escobosa
Batting: SHB Marvin Lawrence 0-0: Called Strike
0-1: Ball
1-1: Foul Ball, location: 2F
1-2: Foul Ball, location: 2F
1-2: Ground out 4-3 (Groundball, 4, EV 89.4 MPH)
Batting: LHB Kevin McCormic Jr. 0-0: Ball
1-0: Called Strike
1-1: SINGLE (Groundball, 6MD, EV 110.6 MPH)
Batting: RHB Nick Esteves 0-0: Ball
1-0: Foul Ball, location: 2F
1-1: Ball
2-1: Swinging Strike
2-2: Fly out, F7 (Flyball, 7, EV 91.9 MPH)
Batting: RHB Alois Wollf 0-0: Called Strike
0-1: Foul Ball, location: 2F
0-2: Ball
1-2: Ball
2-2: Strikes out looking
Bottom of the 8th over - 0 runs, 1 hit, 0 errors, 1 left on base; Baltimore 2 - Boston 6
TOP OF THE 9TH
Baltimore Orioles batting - Pitching for Boston Red Sox : RHP Billy Fitzgerald
Pitching: RHP Guadalupe Vasguez
Batting: RHB Saimei Kudo 0-0: Foul Ball, location: 2F
0-1: Called Strike
0-2: DOUBLE (Flyball, 9LD, EV 100.6 MPH)
Batting: RHB Tenshou Takita 0-0: Ball
1-0: Swinging Strike
1-1: Ball
2-1: SINGLE (Line Drive, 78M, EV 90.0 MPH)
Saimei Kudo to third
Batting: RHB Rudo Garciaparra 0-0: Ball
1-0: Called Strike
1-1: Ball
2-1: Called Strike
2-2: Foul Ball, location: 2F
2-2: Ball
3-2: Strikes out looking
Batting: SHB Jason Hayes 0-0: Ball
1-0: Called Strike
1-1: Ball
2-1: Ball
3-1: Base on Balls
Tenshou Takita to second
Batting: RHB Vince Jackson 0-0: Fly out, F9 (Flyball, 9D, EV 91.2 MPH)
Runner from 3rd tags up, SCORES, no throw by RF
Batting: SHB Robert Handy 0-0: Ball
1-0: Called Strike
1-1: Swinging Strike
1-2: Foul Ball, location: 2F
1-2: Ball
2-2: Foul Ball, location: 2F
2-2: Strikes out swinging
Top of the 9th over - 1 run, 2 hits, 0 errors, 2 left on base; Baltimore 3 - Boston 6
Tuesday, March 28th , 2023 - OOTP Baseball 23.10 Build 110